 Dungeon Crawl Stone Soup version 0.22.0-6-g71bd7aa6b3 (webtiles) character file.

805 Eurus the Insei (level 7, -5/59 HPs)
             Began as a Purple Draconian Transmuter on Aug 14, 2018.
             Slain by Edmund
             ... wielding a +2 dire flail of draining
              (11 damage)
             ... on level 4 of the Dungeon.
             The game lasted 00:21:02 (7483 turns).

Eurus the Insei (Purple Draconian Transmuter)       Turns: 7483, Time: 00:21:02

Health: -5/59      AC:  8    Str: 13    XL:     7   Next: 60%
Magic:  14/14      EV: 11    Int: 13    God:
Gold:   171        SH:  0    Dex: 13    Spells: 12/15 levels left

rFire    . . .     SeeInvis .     - Unarmed
rCold    . . .     Gourm    .   (no shield)
rNeg     . . .     Faith    .   (armour unavailable)
rPois    .         Spirit   .   (helmet restricted)
rElec    .         Reflect  .   g - +0 cloak
rCorr    .         Harm     .   (no gloves)
MR       +....                  j - +0 pair of boots
Stlth    +.........             (no amulet)
HPRegen  0.19/turn              (no ring)
MPRegen  0.14/turn              (no ring)

@: very heavily drained
A: breathe power, unfitting armour, cold-blooded, AC +6
a: Breathe Dispelling Energy


You were on level 4 of the Dungeon.
You were not hungry.

You visited 1 branch of the dungeon, and saw 4 of its levels.
You also visited: Sewer.

You collected 171 gold pieces.

Inventory:

Missiles
 a - 35 arrows
 i - 60 stones (quivered)
Armour
 g - a +0 cloak (worn)
 j - a +0 pair of boots (worn)
Jewellery
 b - an uncursed amulet of rage
Wands
 q - a wand of enslavement (13)
Scrolls
 e - 4 scrolls of identify
 h - 5 scrolls of teleportation
Potions
 d - 3 potions of magic
 f - a potion of agility
 k - 3 potions of heal wounds
 l - a potion of brilliance {unknown}
 m - 3 potions of curing
 n - a potion of flight {unknown}
 o - a potion of degeneration {unknown}
 p - a potion of lignification {unknown}
Comestibles
 c - a ration
 r - 4 chunks of flesh


   Skills:
 + Level 4.2(0.9) Fighting
 + Level 3.7(0.5) Dodging
 + Level 4.8(1.5) Unarmed Combat
 + Level 4.8(1.4) Spellcasting
 + Level 4.2(0.9) Transmutations


You had 12 spell levels left.
You knew the following spells:

 Your Spells              Type           Power        Failure   Level  Hunger
a - Beastly Appendage     Tmut           #.....       19%         1    ##.....
b - Sticks to Snakes      Tmut           #.......     26%         2    ###....

Your spell library contained the following spells:

 Spells                   Type           Power        Failure   Level  Hunger
 Spider Form              Tmut/Pois      #.........   54%         3    ####...
 Blade Hands              Tmut           #.........   99%         5    ######.
 Ice Form                 Ice/Tmut       #.......     91%         4    #####..


Dungeon Overview and Level Annotations

Branches:
Dungeon (4/15)
 Temple: D:4-7

Altars:
Ashenzari
Dithmenos
Elyvilon
Nemelex Xobeh
Uskayaw
Yredelemnul

Annotations:
D:2 orc warrior
D:3 exclusion: door, Natasha
D:4 Blork the orc, Dowan, Duvessa, Edmund


Innate Abilities, Weirdness & Mutations

You can breathe bolts of dispelling energy.
Your rich purple scales are hard. (AC +6)
You cannot fit into any form of body armour.
You are cold-blooded and may be slowed by cold attacks.


Message History

Edmund is almost dead.
Edmund hits you with a dire flail of draining.
You feel drained.
You hit Edmund but do no damage.
Edmund is almost dead.
Edmund hits you with a dire flail of draining!
* * * LOW HITPOINT WARNING * * *
You feel drained.
* * * LOW HITPOINT WARNING * * *
You hit Edmund but do no damage.
Edmund is almost dead.
You closely miss Edmund.
Edmund is almost dead.
Edmund hits you with a dire flail of draining.
* * * LOW HITPOINT WARNING * * *
You feel drained.
You hit Edmund.
Edmund is almost dead.
Edmund hits you with a dire flail of draining!
You die...

#..##....###.#.# #..#
....#....+.#.#.# #..#
....#....#.#.#.####..#
.####..###.#.#....#..#
....#.####.#.####.#..#
#####..........#..#..#
......####.#...#..#..#
..+[..# #.######.#..#
..#...# #......@@...#
..#...############...#
.##..................#
. #...#..........#.#.#
. #...#.########.#.).#
. #.#.#.# #.#####
#.....# #.#
..###.##########.#
#.........@....@.#


You could see Edmund.

Vanquished Creatures
  2 ogres
  The ghost of Silenceoftheyaks the Chopper, an amateur GrBe of Trog (D:3)
  A scorpion (D:4)
  Crazy Yiuf (D:3)
  2 human zombies (D:4)
  Jessica (D:3)
  4 orc wizards
  2 worker ants
  A mummy (D:4)
  Robin (D:1)
  8 adders
  2 oozes
  4 worms
  3 leopard geckos
  13 orcs
  4 giant cockroaches
  13 goblins
  8 hobgoblins
  10 jackals
  A quokka (D:4)
  6 ball pythons
  7 bats
  7 frilled lizards
  3 hobgoblin zombies (D:4)
  13 kobolds
  A leopard gecko skeleton (D:4)
  An orc zombie (D:4)
  11 rats
  A plant (Sewer)
132 creatures vanquished.

Notes
Turn   | Place    | Note
-------+----------+-------------------------------------------
     0 | D:1      | Eurus the Draconian Transmuter began the quest for the Orb.
     0 | D:1      | Reached XP level 1. HP: 16/16 MP: 3/3
   144 | D:1      | Reached XP level 2. HP: 17/23 MP: 3/5
   833 | D:1      | Reached XP level 3. HP: 27/29 MP: 4/6
  1190 | D:2      | Noticed Robin
  1459 | D:1      | HP: 1/29 [Robin/mace (4)]
  1461 | D:1      | Killed Robin
  2183 | D:2      | Reached XP level 4. HP: 36/36 MP: 7/7
  2559 | D:2      | Found a hide-covered altar of Uskayaw.
  2730 | D:2      | Noticed an orc warrior
  3134 | D:3      | Found a glowing drain.
  3178 | Sewer    | Entered a sewer
  3396 | Sewer    | Reached XP level 5. HP: 42/42 MP: 7/9
  4328 | D:3      | Found a white marble altar of Elyvilon.
  4352 | D:3      | Found a runed door.
  4491 | D:3      | Found a runed gate.
  4491 | D:3      | Found a runed gate.
  4491 | D:3      | Noticed Jessica
  4492 | D:3      | Found a runed gate.
  4496 | D:3      | Killed Jessica
  4506 | D:3      | Noticed Silenceoftheyaks's ghost (amateur GrBe)
  4540 | D:3      | Found a shattered altar of Ashenzari.
  4540 | D:3      | Found a shadowy altar of Dithmenos.
  4540 | D:3      | Noticed Natasha
  4540 | D:3      | Found a sparkling altar of Nemelex Xobeh.
  4653 | D:3      | Reached XP level 6. HP: 32/51 MP: 10/10
  5347 | D:3      | Learned a level 2 spell: Sticks to Snakes
  5905 | D:4      | Noticed Duvessa
  6016 | D:4      | Noticed Blork the orc
  6089 | D:4      | Your scales start taking on a rich purple colour.
  6089 | D:4      | Reached XP level 7. HP: 42/57 MP: 13/13
  6210 | D:4      | Found a basalt altar of Yredelemnul.
  6355 | D:3      | Noticed Crazy Yiuf
  6362 | D:3      | Killed Crazy Yiuf
  6473 | D:3      | Killed Silenceoftheyaks's ghost
  7092 | D:4      | Noticed Dowan
  7427 | D:4      | Noticed Edmund
  7483 | D:4      | Slain by Edmund

Skill      XL: |  1  2  3  4  5  6  7 |
---------------+----------------------+-----
Dodging        | 2 3 |  3.7
Fighting       | 2 3 4 |  4.2
Transmutations | 3 4 |  4.2
Spellcasting   | 3 4 |  4.8
Unarmed Combat | 4 |  4.8

Action                   |  1- 3 |  4- 6 |  7- 9 || total
-------------------------+-------+-------+-------++-------
Melee: Unarmed           |   155 |   331 |   116 ||   602
       Tailslap          |    19 |    43 |    13 ||    75
       Headbutt          |     9 |    42 |    19 ||    70
       Kick              |     4 |       |       ||     4
       Punch             |     1 |     5 |     3 ||     9
Throw: Stone             |     3 |     9 |    15 ||    27
 Cast: Beastly Appendage |    23 |    44 |    11 ||    78
       Sticks to Snakes  |       |     2 |     1 ||     3
  Use: Scroll            |       |    11 |       ||    11
 Stab: Sleeping          |     1 |     1 |       ||     2
       Distracted        |       |       |     1 ||     1
  Eat: Chunk             |     5 |    13 |     2 ||    20
       Ration            |       |       |     1 ||     1
Armor: Skin              |    45 |    69 |    19 ||   133
Dodge: Dodged            |    93 |   144 |    63 ||   300
